 Dungeon Crawl Stone Soup version 0.29-a0-322-g68df515428 (webtiles) character file.

Game seed: 3704977837400597096

67 Morbidden the Conjurer (level 3, -2/46 HPs)
             Began as a Troll Conjurer on Apr 8, 2022.
             Slain by an orc
             ... wielding a +0 short sword
              (5 damage)
             ... on level 3 of the Dungeon.
             The game lasted 00:01:45 (2115 turns).

Morbidden the Conjurer (Troll Conjurer)             Turns: 2115, Time: 00:01:46

Health: -2/46      AC: 21    Str: 15    XL:     3   Next: 98%
Magic:  1/4        EV:  1    Int: 16    God:
Gold:   128        SH:  0    Dex:  8    Spells: 1/4 levels left

rFire   . . .      SeeInvis .     - Unarmed
rCold   . . .      Faith    .   (no shield)
rNeg    . . .      Spirit   .   (body armour currently unavailable)
rPois   +          Reflect  .   (helmet currently unavailable)
rElec   .          Harm     .   (cloak currently unavailable)
rCorr   .          Rampage  .   (gloves unavailable)
Will    .....      NoTele   +   (boots unavailable)
Stlth   +.........              (no amulet)
HPRegen 0.95/turn               (no ring)
MPRegen 0.09/turn               (no ring)

@: lethally poisoned (-2 -> -8), tree-form
A: stationary, stasis, torment immunity, boosted hp, large, unfitting armour,
(claws 3), regeneration 1, (shaggy fur 1), (tough skin 1)
a: no special abilities


You were on level 3 of the Dungeon.
You were a tree.
You visited 1 branch of the dungeon, and saw 3 of its levels.

You collected 128 gold pieces.

Inventory:

Armour
 a - a +0 robe (melded)
Scrolls
 c - 6 scrolls of noise {unknown}
 d - a scroll of enchant weapon {unknown}
 e - 4 scrolls of teleportation {unknown}
 f - 5 scrolls of identify {unknown}
 h - a scroll of fog {unknown}
 i - 3 scrolls of immolation {unknown}
Potions
 b - a potion of magic


   Skills:
 * Level 0.2 Fighting
 * Level 2.1 Dodging
 + Level 1.0 Stealth
 * Level 1.7 Unarmed Combat
 * Level 1.3 Spellcasting
 * Level 3.4 Conjurations


You had one spell level left.
You knew the following spells:

 Your Spells              Type           Power      Damage    Failure   Level
a - Magic Dart            Conj           48%        1d5       5%          1
b - Searing Ray           Conj           24%        2d5       9%          2

Your spell library contained the following spells:

 Spells                   Type           Power      Damage    Failure   Level
 Dazzling Flash           Conj/Hex       12%        N/A       32%         3
 Tukima's Dance           Hex            1%         N/A       54%         3
 Fulminant Prism          Conj/Hex       3%         3d6       73%         4
 Iskenderun's Mystic Bla  Conj/Tloc      6%         2d4       73%         4
 Anguish                  Hex/Necr       0%         N/A       91%         4
 Enfeeble                 Hex            0%         N/A       100%        7


Dungeon Overview and Level Annotations

Branches:
Dungeon (3/15)

Altars:

Shops:
D:2 (


Innate Abilities, Weirdness & Mutations

You are a tree.
Your roots penetrate the ground, keeping you stationary.
You cannot be teleported.
You are immune to unholy pain and torment.
Your maximum health is greatly increased.
Your equipment is partially melded.
You are too large for most types of armour.
((You have claws for hands.))
Your natural rate of healing is unusually fast.
((You are covered in fur. (AC +1)))
((You have tough skin. (AC +1)))


Message History

There are monsters nearby!
An orc, an orc wizard and an endoplasm come into view.
The orc wizard is wielding a +2 whip of venom.
The orc shouts!
The hobgoblin shouts!
The orc moves out of view.
An orc comes into view. It is wielding a +0 hand axe.
The orc wizard shouts!
The orc shouts!
The endoplasm quivers.
The orc wizard casts a spell.
The orc wizard flickers and vanishes!
Deactivating autopickup; reactivate with Ctrl-A.
The orc misses you.
You barely miss the orc. The orc hits you with a +0 war axe.
You scratch the orc but do no damage. The orc hits you with a +0 war axe.
You scratch the orc.
The orc is moderately wounded.
The orc closely misses you.
You barely miss the orc.
The orc is moderately wounded.
The orc hits you with a +0 war axe!
You are too injured to fight recklessly!
You are too injured to fight recklessly!
Unknown command.
Something hits you.
You are poisoned.
The orc attacks as you move away! The orc hits you with a +0 war axe!
* * * LOW HITPOINT WARNING * * *
x2 You feel very sick.
Unknown command.
It was a potion of heal wounds.
You feel much better.
You feel sick. The orc hits you with a +0 war axe! Something hits you!
* * * LOW HITPOINT WARNING * * *
Unknown command.
It was a potion of lignification.
You turn into a tree.
Your +0 robe melds into your body.
Your roots penetrate the ground.
You feel sick. The orc hits you but does no damage.
Something hits you but does no damage.
You are lethally poisoned!
The orc hits you with a +0 short sword.
You die...

.........#####
.............
..<.).#.....
............
......#.#..
#.#g.......
#oJ).†#.#..
#.oo.......
##♣†#.....#
#.........
#.#####.########
#...<....#
######...# ##>.#
##..# ..# ###


You could see 3 orcs, an endoplasm and a hobgoblin.

Vanquished Creatures
  A worm (D:2)
  2 dart slugs (D:1)
  An orc (D:3)
  7 endoplasms
  2 giant cockroaches
  7 goblins
  4 hobgoblins
  5 quokkas
  6 ball pythons
  5 bats
  5 frilled lizards
  A kobold (D:1)
  6 rats
52 creatures vanquished.

Vanquished Creatures (others)
  8 plants (D:2)
8 creatures vanquished.

Grand Total: 60 creatures vanquished

Notes
Turn   | Place    | Note
-------+----------+-------------------------------------------
     0 | D:1      | Morbidden the Troll Conjurer began the quest for the Orb.
     0 | D:1      | Reached XP level 1. HP: 16/16 MP: 1/1
    32 | D:1      | Reached skill level 3 in Conjurations
   242 | D:1      | Reached XP level 2. HP: 24/24 MP: 2/2
   334 | D:1      | Learned a level 2 spell: Searing Ray
   640 | D:1      | Reached skill level 1 in Unarmed Combat
   761 | D:1      | Reached XP level 3. HP: 31/31 MP: 0/4
  1480 | D:2      | Found Myocsai's Antique Weapon Boutique.
  1614 | D:2      | Found a faded altar of an unknown god.
  2115 | D:3      | Slain by an orc

Illustrated notes

Levels and vault maps discovered:
D:1:      ncdulo_halloftheorcs, layout_basic, minmay_misc_feat_iff,
          grunt_decor_mini_mirrors
D:2:      layout_rooms, shapermc_ecumenical_altar_venn, serial_shops,
          nicolae_shop_hallway_stairs, serial_bayou_lake_a
D:3:      layout_rooms, serial_shops, nicolae_shop_hallway_plus,
          ebering_ghost_reflecting_pool, st_stairs_2

Skill      XL: |  1  2  3 |
---------------+----------+-----
Conjurations   | 3 |  3.4
Unarmed Combat | 1 |  1.7
Dodging        | 2 |  2.1
Fighting       | |  0.2
Stealth        | |  1.0
Spellcasting   | |  1.3

Action                   || total
-------------------------++-------
Melee: Unarmed           ||   107
       Punch             ||     3
 Cast: Magic Dart        ||    51
  Use: Potion            ||     2
 Stab: Sleeping          ||     1
Armor: Robe              ||    38
       Skin              ||     2
Dodge: Dodged            ||    45

Table legend: (Time is in decaauts)
 A = Elapsed time spent in this place.
 B = Non-inter-level travel time spent in this place.
 C = Inter-level travel time spent in this place.
 D = Time resting spent in this place.
 E = Time spent auto-exploring this place.
 F = Levels seen in this place.
 G = Mean time per level.
                   A        B        C        D        E       F      G
               +--------+--------+--------+--------+--------+-----+--------+
         Total |   2147 |   2131 |     16 |    108 |   1724 |   3 |  715.7 |
       Dungeon |   2147 |   2131 |     16 |    108 |   1724 |   3 |  715.7 |
               +--------+--------+--------+--------+--------+-----+--------+

Top non-repeatable levels by time:
     D:1: 1165 daAuts
     D:2: 960 daAuts
     D:3: 21 daAuts
